 Dungeon Crawl Stone Soup version 0.29.0-13-gc9e81de378 (webtiles) character file.

Game seed: 4795604071663184206

658 SnakkuSnakku7 the Shooter (level 7, 0/49 HPs)
             Began as a Djinni Hunter on Sept 10, 2022.
             Slain by Prince Ribbit (7 damage)
             ... on level 5 of the Dungeon.
             The game lasted 00:05:07 (4215 turns).

SnakkuSnakku7 the Shooter (Djinni Hunter)           Turns: 4215, Time: 00:05:08

Health: 0/49       AC:  3    Str: 10    XL:     7   Next: 86%
Gold:   176        EV: 12    Int: 11    God:
                   SH:  0    Dex: 18

rFire   + + .      SeeInvis .   a - +0 shortbow
rCold   x . .      Faith    .   (shield currently unavailable)
rNeg    . . .      Spirit   .   c - +0 leather armour
rPois   ∞          Reflect  .   (no helmet)
rElec   .          Harm     .   (no cloak)
rCorr   .          Rampage  .   (no gloves)
Will    .....                   (boots unavailable)
Stlth   ++........              (no amulet)
HPRegen 0.16/turn               (no ring)
MPRegen 0.00/turn               (no ring)

@: flying
A: sickness immunity, fire resistance 2, cold vulnerability 1, float, innate
caster, HP casting, extra vitality 1
a: no special abilities


You were on level 5 of the Dungeon.
You visited 1 branch of the dungeon, and saw 5 of its levels.

You collected 176 gold pieces.

Inventory:

Hand Weapons
 a - a +0 shortbow (weapon)
Missiles
 p - a throwing net
Armour
 c - a +0 leather armour (worn)
Wands
 s - a wand of flame (26)
Scrolls
 b - a scroll of immolation
 e - 3 scrolls of magic mapping
 g - a scroll of summoning {unknown}
 h - 3 scrolls of teleportation
 i - a scroll of enchant armour {unknown}
 k - a scroll of blinking {unknown}
 l - a scroll of silence {unknown}
 m - a scroll of fear {unknown}
 o - a scroll of butterflies {unknown}
 q - a scroll of identify {unknown}
 u - a scroll of vulnerability {unknown}
 v - a scroll of poison {unknown}
Potions
 d - a potion of degeneration {unknown}
 f - a potion of heal wounds {unknown}
 j - a potion of berserk rage {unknown}
 n - a potion of curing
 r - a potion of haste {unknown}
 t - a potion of lignification {unknown}
 w - a potion of flight {unknown}


   Skills:
 - Level 2.0 Fighting
 + Level 7.5 Ranged Weapons
 - Level 2.1 Dodging
 - Level 0.7 Stealth


You had one spell level left.
You knew the following spells:

 Your Spells              Type           Power      Damage    Failure   Level
a - Beastly Appendage     Tmut           0%         N/A       43%         1
b - Ensorcelled Hibernat  Hex/Ice        0%         N/A       58%         2
c - Scorch                Fire           0%         2d5       58%         2
Your spell library was empty.

Dungeon Overview and Level Annotations

Branches:
Dungeon (5/15)
 Temple: D:4-7

Altars:
Cheibriados
Yredelemnul

Shops:
D:3 (

Annotations:
D:5 Prince Ribbit


Innate Abilities, Weirdness & Mutations

You are immune to sickness and miasma.
You are immune to poison.
Your flesh is very heat resistant. (rF++)
You are vulnerable to cold. (rC-)
You float through the air rather than walking.
You learn spells naturally, not from books.
Your magical power is your life essence.
You have superior vitality. (+4 MHP)


Message History

Prince Ribbit blinks!
Prince Ribbit hits you!
You shoot an arrow. The arrow misses Prince Ribbit.
Prince Ribbit completely misses you.
You shoot an arrow. The arrow misses Prince Ribbit.
Prince Ribbit blinks! x2
No target in view!
You shoot an arrow. The arrow hits Prince Ribbit.
Prince Ribbit is lightly wounded.
You shoot an arrow. The arrow hits Prince Ribbit.
Prince Ribbit is moderately wounded.
You shoot an arrow. The arrow hits Prince Ribbit!
Prince Ribbit is heavily wounded.
Prince Ribbit hits you! Prince Ribbit hits you.
You shoot an arrow.
The arrow completely misses Prince Ribbit.
Prince Ribbit hits you!
* * * LOW HITPOINT WARNING * * *
Prince Ribbit barely misses you.
You are too injured to fight recklessly!
Unknown command.
Okay, then.
It was a potion of curing.
You feel better. Prince Ribbit hits you.
Fire: a) +0 shortbow
Press: ? - help, Q - select action, (/) - cycle Shift-Dir - straight line, f/p - Prince Ribbit
Aim: Prince Ribbit (heavily wounded, 46% to hit)
You shoot an arrow. The arrow hits Prince Ribbit.
Prince Ribbit is heavily wounded.
Prince Ribbit misses you.
Fire: a) +0 shortbow
Press: ? - help, Q - select action, (/) - cycle Shift-Dir - straight line, f/p - Prince Ribbit
Aim: Prince Ribbit (heavily wounded, 46% to hit)
You shoot an arrow. The arrow misses Prince Ribbit.
Prince Ribbit hits you!
* * * LOW HITPOINT WARNING * * *
Prince Ribbit barely misses you.
Fire: a) +0 shortbow
Press: ? - help, Q - select action, (/) - cycle Shift-Dir - straight line, f/p - Prince Ribbit
Aim: Prince Ribbit (heavily wounded, 46% to hit)
You shoot an arrow. The arrow barely misses Prince Ribbit.
Prince Ribbit hits you!
You die...

.###########
....F......#
##########.#
#.# #.# #.#
#F# #@# #.#
..# #.# #.#
###.# #.#
#...# #.#
#.### #>#
#.# #.# #.#
#.# #)#


You could see Prince Ribbit.

Vanquished Creatures
  2 ogres (D:4)
  2 phantoms
  A necrophage (D:5)
  A jelly (D:4)
  An iguana (D:4)
  2 orc wizards (D:4)
  4 gnolls (D:3)
  6 adders
  A worm (D:2)
  3 dart slugs
  10 orcs
  4 ball pythons
  4 endoplasms
  4 giant cockroaches
  7 goblins
  3 hobgoblins
  3 jackals (D:1)
  5 kobolds
  3 quokkas
  4 bats
  4 frilled lizards
  2 rats
  A spectral orc (D:3)
77 creatures vanquished.

Vanquished Creatures (others)
  3 fungi (D:4)
3 creatures vanquished.

Grand Total: 80 creatures vanquished

Notes
Turn   | Place    | Note
-------+----------+-------------------------------------------
     0 | D:1      | SnakkuSnakku7 the Djinni Hunter began the quest for the
                  | Orb.
     0 | D:1      | Reached XP level 1. HP: 18/18 MP: 0/0
   150 | D:1      | Reached XP level 2. HP: 23/23 MP: 0/0
   387 | D:1      | Reached XP level 3. HP: 22/28 MP: 0/0
   387 | D:1      | Learned a level 1 spell: Beastly Appendage
   579 | D:1      | Reached skill level 4 in Ranged Weapons
  1007 | D:2      | Reached XP level 4. HP: 33/33 MP: 0/0
  1013 | D:2      | Found a faded altar of an unknown god.
  1643 | D:3      | Reached skill level 5 in Ranged Weapons
  1643 | D:3      | Reached XP level 5. HP: 33/38 MP: 0/0
  1643 | D:3      | Learned a level 2 spell: Ensorcelled Hibernation
  1871 | D:3      | Found Xeastif's Weapon Shop.
  2131 | D:3      | Found a basalt altar of Yredelemnul.
  2605 | D:4      | Reached XP level 6. HP: 13/43 MP: 0/0
  2902 | D:4      | Found a snail-covered altar of Cheibriados.
  3003 | D:4      | Noticed an ogre
  3191 | D:4      | Reached skill level 6 in Ranged Weapons
  3555 | D:4      | Noticed an ogre
  3558 | D:4      | Killed an ogre
  3559 | D:4      | Reached XP level 7. HP: 49/49 MP: 0/0
  3559 | D:4      | Learned a level 2 spell: Scorch
  3628 | D:4      | Reached skill level 7 in Ranged Weapons
  3806 | D:5      | Entered Level 5 of the Dungeon
  4190 | D:5      | Noticed Prince Ribbit
  4215 | D:5      | Slain by Prince Ribbit

Illustrated notes

Levels and vault maps discovered:
D:1:      lightli_molten_gateway, layout_loops_cross, minmay_misc_feat_doors,
          corexii_item_surrounded_by_moat, hex_large, kennysheep_small_spiral,
          minmay_misc_feat_enclosed
D:2:      layout_basic, hellmonk_ecumenical_altar_heavens_door, serial_curves,
          eino_curves_03, eino_curves_03, eino_curves_01
D:3:      layout_basic, yredelemnul_forgotten_temple_becter, serial_shops,
          nicolae_shop_bloodbath_and_beyond
D:4:      layout_rooms, gammafunk_temple_overflow_claw, serial_aquarium,
          aquarium_bridge_straight [aquarium_subvault_bridge,
          aquarium_subvault_wall, aquarium_subvault_bridge,
          aquarium_subvault_wall], aquarium_window_1, aquarium_window_1,
          aquarium_window_1, aquarium_window_corridor_2, aquarium_view_2b,
          aquarium_view_2e, aquarium_balcony_3a, minmay_between
D:5:      layout_loops_ring, mainiacjoe_overflow_alcove_4, uniq_prince_ribbit1

Skill      XL: |  1  2  3  4  5  6  7 |
---------------+----------------------+-----
Ranged Weapons | 4 5 6 7 |  7.5
Fighting       | |  2.0
Dodging        | |  2.1
Stealth        | |  0.7

Action                   |  1- 3 |  4- 6 |  7- 9 || total
-------------------------+-------+-------+-------++-------
 Fire: Shortbow          |    68 |   151 |    54 ||   273
Evoke: Wand              |       |    12 |       ||    12
  Use: Scroll            |       |     2 |       ||     2
       Potion            |       |       |     1 ||     1
Armor: Leather armour    |     8 |    16 |       ||    24
Dodge: Dodged            |    18 |    63 |    12 ||    93
